cohdb
Replays
Latest Replays
All Replays
Popular Replays
Top Player Replays
Match Explorer
How It Works
Community
CoH3 Stats
Reddit
Sign in to upload your games and track your stats! →
Sign in with Steam
Match 41439793
Unlisted
Match 41439793
Overview
Messages
Build Orders
End
Selects Terror Battlegroup
Selects Machine Gun Camouflage
Kettenkrad Recon Vehicle
Construct Infanterie Kompanie
MG 42 Machine Gun Team
MG 42 Machine Gun Team
Grenadier Squad
Medical Station
Construct Luftwaffe Kompanie
Jäger Squad
Jäger Squad
Jäger Squad
Support Elements
Selects Defend the Fatherland
Jäger Squad
Marder III M Tank Destroyer
Pioneer Squad
Defend the Fatherland
Jäger Squad
MG 42 Machine Gun Team
Jäger Squad
Construct Panzergrenadier Kompanie
Selects King Tiger Heavy Tank
King Tiger Heavy Tank
Marder III M Tank Destroyer
Jäger Squad
Pioneer Squad
Selects Contempt for the Weak
Pioneer Squad
Marder III M Tank Destroyer
Defend the Fatherland
Jäger Squad
Selects Propaganda Leaflet Drop
Propaganda Leaflet Drop
King Tiger Heavy Tank
Mr_NoteAr
User1diego
Old Saint Henderson
SgtSteiner
0
0
Comments
sign in to comment!
No comments posted yet!